 Dungeon Crawl Stone Soup version 0.28.0-45-g0d030f2227 (webtiles) character file.

Game seed: 10297961466006226936

145 101zpm the Chiller (level 5, -1/28 HPs)
             Began as a Deep Elf Ice Elementalist on Apr 20, 2022.
             Killed by nerve-wracking pain
             ... invoked by a shadow imp
              (13 damage)
             ... on level 3 of the Dungeon.
             The game lasted 00:06:10 (3818 turns).

101zpm the Chiller (Deep Elf Ice Elementalist)      Turns: 3818, Time: 00:06:11

Health: -1/28      AC:  7    Str: 11    XL:     5   Next: 6%
Magic:  6/12       EV: 12    Int: 22    God:
Gold:   169        SH:  0    Dex: 15    Spells: 4/11 levels left

rFire   . . .      SeeInvis .   e - +0 mace
rCold   . . .      Faith    .   (no shield)
rNeg    . . .      Spirit   .   n - +0 leather armour
rPois   .          Reflect  .   (no helmet)
rElec   .          Harm     .   (no cloak)
rCorr   .          Rampage  .   (no gloves)
Will    .....                   (no boots)
Stlth   ++........              (no amulet)
HPRegen 0.09/turn               c - +6 ring of strength
MPRegen 0.13/turn               h - +4 ring of protection

@: freezing walls
A: no striking features
a: no special abilities


You were on level 3 of the Dungeon.
You visited 1 branch of the dungeon, and saw 3 of its levels.

You collected 169 gold pieces.

Inventory:

Hand Weapons
 e - a +0 mace (weapon)
Missiles
 d - 14 sling bullets
 l - 45 bolts
 m - 117 stones
Armour
 a - a +0 robe
 n - a +0 leather armour (worn)
Jewellery
 c - a +6 ring of strength (left hand)
 h - a +4 ring of protection (right hand)
 p - a ring of magical power
 s - an amulet of regeneration
Scrolls
 b - 2 scrolls of blinking {unknown}
 g - 3 scrolls of identify {unknown}
 i - 2 scrolls of fear {unknown}
 j - 3 scrolls of teleportation {unknown}
 q - 2 scrolls of amnesia {unknown}
 r - a scroll of summoning {unknown}
 u - a scroll of fog {unknown}
Potions
 f - 3 potions of curing {unknown}
 k - 2 potions of cancellation {unknown}
 o - 2 potions of heal wounds {unknown}
 t - 2 potions of lignification {unknown}


   Skills:
 + Level 0.8 Fighting
 + Level 1.0 Maces & Flails
 + Level 0.5 Armour
 + Level 3.0 Dodging
 + Level 3.3 Stealth
 + Level 3.9 Spellcasting
 + Level 5.4 Ice Magic


You had 4 spell levels left.
You knew the following spells:

 Your Spells              Type           Power      Damage    Failure   Level
a - Freeze                Ice            100%       1d11      1%          1
b - Frozen Ramparts       Ice            56%        1d7       4%          3
c - Ozocubu's Armour      Ice            28%        N/A       4%          3

Your spell library contained the following spells:

 Spells                   Type           Power      Damage    Failure   Level
 Sandblast                Erth           8%         2d5       16%         1
 Passwall                 Tmut/Erth      3%         N/A       22%         2
 Stone Arrow              Conj/Erth      8%         3d7       41%         3
 Hailstorm                Conj/Ice       16%        3d6       43%         4


Dungeon Overview and Level Annotations

Branches:
Dungeon (3/15)

Altars:
Gozag
Kikubaaqudgha
Nemelex Xobeh
Qazlal
Ru
Zin

Annotations:
D:2 1 runed translucent door, Crazy Yiuf


Message History

Casting: Freeze (safe; 1% risk of failure)
Confirm with . or Enter, or press ? or * to list all spells.
The spell is quite dangerous to miscast (4% risk of failure)!
Continue anyway?
Okay, then.
Casting: Frozen Ramparts (quite dangerous; 4% risk of failure)
Confirm with . or Enter, or press ? or * to list all spells.
The spell is quite dangerous to miscast (4% risk of failure)!
Continue anyway?
Casting: Frozen Ramparts (quite dangerous; 4% risk of failure)
Press: ? - help, Dir - look around, f - activate The walls around you are covered in ice.
The shadow imp completely resists.
The wall freezes the shadow imp but does no damage.
The shadow imp barely misses you.
You closely miss the shadow imp.
The shadow imp is heavily wounded.
The shadow imp resists.
The wall freezes the shadow imp.
The shadow imp grins evilly.
The shadow imp hits you but does no damage.
You hit the shadow imp but do no damage.
The shadow imp is severely wounded.
The shadow imp completely resists.
The wall freezes the shadow imp but does no damage.
The shadow imp closely misses you.
You barely miss the shadow imp.
The shadow imp is severely wounded.
The shadow imp resists.
The wall freezes the shadow imp.
The shadow imp hits you.
The shadow imp resists.
The wall freezes the shadow imp.
The shadow imp gestures at you. Pain shoots through your body!
Aiming: Freeze (safe; 1% risk of failure)
Press: ? - help, Q - select action, (/) - cycle Shift-Dir - straight line, f - shadow imp
Aim: a shadow imp (severely wounded)
You freeze the shadow imp.
The shadow imp resists.
The shadow imp is almost dead.
The shadow imp completely resists.
The wall freezes the shadow imp but does no damage.
The shadow imp gestures at you. Pain shoots through your body!
You die...

#######.....# ##### #.#####...
.....###..#### #.$.# #.........
.....#_.....#..###...###..##.#...
.....##.#__###.#.......#.....#...
.....########..........##.##.....
.......# #.......##.##.#...
.......# #......###.##.....
.......# #5#....# #........
##.##### #@##.#.# #####...# #.#
#.#..#.# #...# #.#
##########.#.##.# #...#
#.####.......##†#.##.### #...#
#.#.##.......#.#.......#####...#
#..#.#........###...##..........
##...#........## ##.........>...#
#.....#........###.####........[.
#.##.##.......#.#...>##.#####...#


You could see a shadow imp.

Vanquished Creatures
  Terence (D:2)
  4 gnolls (D:3)
  2 adders
  A dart slug (D:1)
  5 orcs (D:3)
  3 endoplasms
  6 giant cockroaches
  7 hobgoblins
  2 jackals (D:2)
  3 quokkas (D:1)
  5 ball pythons
  5 bats
  4 frilled lizards
  6 kobolds
  2 rats (D:3)
56 creatures vanquished.

Notes
Turn   | Place    | Note
-------+----------+-------------------------------------------
     0 | D:1      | 101zpm the Deep Elf Ice Elementalist began the quest for
                  | the Orb.
     0 | D:1      | Reached XP level 1. HP: 10/10 MP: 6/6
   236 | D:1      | Reached XP level 2. HP: 13/15 MP: 8/8
   594 | D:1      | Found a faded altar of an unknown god.
  1519 | D:2      | Reached XP level 3. HP: 20/20 MP: 9/9
  1552 | D:2      | Found a runed translucent door.
  1553 | D:2      | Noticed Crazy Yiuf
  1690 | D:2      | Noticed Terence
  1698 | D:2      | Learned a level 3 spell: Frozen Ramparts
  1702 | D:2      | Learned a level 3 spell: Ozocubu's Armour
  1811 | D:2      | Killed Terence
  1812 | D:2      | Reached skill level 5 in Ice Magic
  1955 | D:2      | Reached XP level 4. HP: 24/24 MP: 4/11
  2483 | D:3      | Found a sacrificial altar of Ru.
  2566 | D:3      | Reached skill level 1 in Maces & Flails
  2833 | D:3      | Found an opulent altar of Gozag.
  2875 | D:3      | Found a glowing silver altar of Zin.
  3057 | D:3      | Found a sparkling altar of Nemelex Xobeh.
  3058 | D:3      | Found an ancient bone altar of Kikubaaqudgha.
  3061 | D:3      | Found a stormy altar of Qazlal.
  3293 | D:3      | Reached XP level 5. HP: 28/28 MP: 8/12
  3818 | D:3      | Killed from afar by a shadow imp

Illustrated notes

Levels and vault maps discovered:
D:1:      dpeg_arrival_shelter, layout_loops_ring,
          hellmonk_ecumenical_altar_zigzags, minmay_tiny_reverse_x
D:2:      layout_basic, minmay_indecisive_spiral, uniq_terence,
          uniq_crazy_yiuf_cottage
D:3:      layout_loops_cross, nicolae_ru_awakened_eye, minitemple,
          nicolae_gozag_seed_capital, minmay_quadrilaterals

Skill      XL: |  1  2  3  4 |
---------------+-------------+-----
Stealth        | 3 |  3.3
Ice Magic      | 5 |  5.4
Dodging        | 3 |  3.0
Maces & Flails | 1 |  1.0
Fighting       | |  0.8
Armour         | |  0.5
Spellcasting   | |  3.9

Action                   |  1- 3 |  4- 6 || total
-------------------------+-------+-------++-------
Melee: Mace              |    49 |     9 ||    58
 Cast: Freeze            |    12 |    21 ||    33
       Frozen Ramparts   |     3 |     8 ||    11
       Ozocubu's Armour  |     1 |     1 ||     2
 Stab: Sleeping          |     8 |     1 ||     9
Armor: Robe              |     7 |       ||     7
       Leather armour    |     2 |    12 ||    14
Dodge: Dodged            |    37 |    15 ||    52
